 Dungeon Crawl Stone Soup version 0.19.5 (webtiles) character file.

282 Malomalsky the Ducker (level 6, -6/61 HPs)
             Began as a Troll Fighter on Apr 27, 2017.
             Was an Initiate of Ru.
             Mangled by an ogre
             ... wielding a cursed -1 giant club
              (15 damage)
             ... on level 4 of the Dungeon.
             The game lasted 00:16:59 (3071 turns).

Malomalsky the Ducker (Troll Fighter)               Turns: 3071, Time: 00:17:00

Health: -6/61      AC:  5    Str: 27    XL:     6   Next: 6%
Magic:  5/5        EV:  9    Int:  4    God:    Ru [......]
Gold:   118        SH:  9    Dex:  9    Spells: 0 memorised, 5 levels left

rFire  . . .     SeeInvis .       - Unarmed
rCold  . . .     Gourm    +     a - +0 robe
rNeg   . . .     Faith    .     b - +0 shield
rPois  +         Spirit   .     o - +0 hat
rElec  .         Reflect  .     (no cloak)
rCorr  .         Harm     .     (gloves unavailable)
MR     .....                    (boots unavailable)
Stlth  +.........               (no amulet)
                                (no ring)
                                c - ring of poison resistance

@: no status effects
A: unfitting armour, claws 3, fast metabolism 3, gourmand, regeneration 1,
shaggy fur 1, tough skin 2
a: Sacrifice Purity, Sacrifice Artifice, Sacrifice Love, Reject Sacrifices,
Renounce Religion


You were on level 4 of the Dungeon.
You worshipped Ru.
Ru was noncommittal.
You were hungry.

You visited 1 branch of the dungeon, and saw 4 of its levels.

You collected 118 gold pieces.

Inventory:

Hand Weapons
 p - a +0 falchion
 s - a cursed -1 mace
Armour
 a - a +0 robe (worn)
 b - a +0 shield (worn)
 f - a +0 pair of gloves
 i - a +0 chain mail
 o - a +0 hat (worn)
 u - a +0 leather armour
Jewellery
 c - a ring of poison resistance (left claw)
 m - an uncursed ring of protection from fire {unknown}
Scrolls
 e - a scroll of magic mapping
 g - a scroll of fear
 n - a scroll of fog
 v - a scroll of random uselessness
Potions
 r - a potion of cancellation {unknown}
Comestibles
 d - 3 bread rations
 l - 2 fruits
 q - a slice of pizza
 t - a beef jerky


   Skills:
 + Level 3.1 Fighting
 + Level 3.7 Dodging
 + Level 0.2 Stealth
 + Level 3.5 Shields
 + Level 3.5 Unarmed Combat


You had 5 spell levels left.
You didn't know any spells.

Dungeon Overview and Level Annotations

Branches:
Dungeon (4/15)
 Temple: D:4-7

Altars:
Cheibriados
Fedhas
Ru
Zin


Innate Abilities, Weirdness & Mutations

You are too large for most types of armour.
You have claws for hands.
Your metabolism is lightning-fast.
You like to eat raw meat.
Your natural rate of healing is unusually fast.
You are covered in fur. (AC +1)
You have very tough skin. (AC +2)


Message History

The ogre is heavily wounded.
The worker ant closely misses you. You block the ogre's attack.
You scratch the ogre.
The ogre is almost dead.
The worker ant bites you.
* * * LOW HITPOINT WARNING * * *
You scratch the ogre.
The ogre is almost dead.
The worker ant bites you but does no damage.
The ogre closely misses you.
You scratch the ogre but do no damage.
The ogre is almost dead.
The worker ant bites you.
* * * LOW HITPOINT WARNING * * *
You block the ogre's attack. The worker ant bites you.
* * * LOW HITPOINT WARNING * * *
You barely miss the ogre.
The ogre is almost dead.
You block the worker ant's attack. The ogre hits you with a giant club!
You die...

#..........# *,,, #..........#
*,,, ## #..........# *,,, .#####
#(.........# *,,,
.....######..........## *,,,
#................>....##** ***,
###.#######.............,** *,
#.....## ######.####.##,,* *,
.......#* #@O......,,* **
........# #.a......,,*******
........# #........,,,,,,,,,
........# #........,,,**,,,,
>.......# #........,*,**,,,,
...<....#******#........,,,,,,,,,
.........,,,,,,.........,**,,,,*,
.........,,****.........,*****,,,
.......,**,,***,,***,,,*** **,,


You could see an ogre and a worker ant.

Vanquished Creatures
  Blork the orc (D:4)
  A hound (D:4)
  6 adders
  4 gnolls (D:3)
  2 oozes
  2 dart slugs (D:1)
  5 leopard geckos
  9 orcs (D:3)
  3 giant cockroaches
  6 goblins
  5 hobgoblins
  3 quokkas
  2 ball pythons (D:2)
  9 bats
  2 frilled lizards
  9 kobolds
  10 rats
79 creatures vanquished.

Vanquished Creatures (others)
  A ball lightning (D:3)
  A bat (D:3)
  A ballistomycete spore (D:3)
3 creatures vanquished.

Grand Total: 82 creatures vanquished

Notes
Turn   | Place    | Note
-------+----------+-------------------------------------------
     0 | D:1      | Malomalsky the Troll Fighter began the quest for the Orb.
     0 | D:1      | Reached XP level 1. HP: 22/22 MP: 0/0
   260 | D:1      | Reached XP level 2. HP: 21/29 MP: 1/1
   481 | D:1      | Reached XP level 3. HP: 36/36 MP: 2/2
  1277 | D:2      | Found a blossoming altar of Fedhas.
  1285 | D:2      | Became a worshipper of Fedhas Madash
  1636 | D:2      | Found a snail-covered altar of Cheibriados.
  1645 | D:2      | Found a sacrificial altar of Ru.
  1653 | D:2      | Fell from the grace of Fedhas
  1653 | D:2      | Became a worshipper of Ru the Awakened
  1754 | D:3      | Reached XP level 4. HP: 44/44 MP: 3/3
  1873 | D:3      | Found a glowing silver altar of Zin.
  2078 | D:3      | Paralysed by fainting for 7 turns
  2184 | D:3      | Paralysed by fainting for 12 turns
  2386 | D:3      | Reached XP level 5. HP: 39/53 MP: 4/4
  3054 | D:4      | Noticed Blork the orc
  3061 | D:4      | Noticed an ogre
  3065 | D:4      | Killed Blork the orc
  3065 | D:4      | Reached XP level 6. HP: 17/61 MP: 5/5
  3071 | D:4      | Mangled by an ogre

Skill      XL: |  1  2  3  4 |
---------------+-------------+-----
Dodging        | 3 |  3.7
Fighting       | 3 |  3.1
Shields        | 3 |  3.5
Unarmed Combat | 3 |  3.5
Stealth        | |  0.2

Action                   |  1- 3 |  4- 6 || total
-------------------------+-------+-------++-------
Melee: Unarmed           |   163 |   122 ||   285
Invok: Fungal Bloom      |     1 |       ||     1
  Use: Potion            |     2 |     2 ||     4
       Scroll            |     6 |     6 ||    12
  Eat: Bread ration      |     2 |     1 ||     3
       Meat ration       |     1 |     1 ||     2
       Fruit             |       |     2 ||     2
Armor: Robe              |    67 |    66 ||   133
Dodge: Dodged            |    78 |    65 ||   143
Block: Shield            |    86 |    94 ||   180
